 Dungeon Crawl Stone Soup version 0.27.1-34-g3ba077fa99 (console) character file.

Game seed: 7189761964258015613

541 Banquo the Poker (level 7, 0/51 HPs)
             Began as a Djinni Chaos Knight on Jan 6, 2022.
             Was a Plaything of Xom.
             Slain by a polar bear (glowing shapeshifter) (2 damage)
             ... on level 4 of the Dungeon.
             The game lasted 00:09:35 (3951 turns).

Banquo the Poker (Djinni Chaos Knight)              Turns: 3951, Time: 00:09:35

Health: 0/51       AC:  7    Str: 11    XL:     7   Next: 52%
Gold:   1425       EV: 11    Int: 16    God:    Xom [....*.] SH:  0 Dex: 12

rFire    + + .     SeeInvis .   a - +0 spear (chaos)
rCold    . . .     Faith    .   (no shield)
rNeg     . . .     Spirit   .   d - +2 leather armour
rPois    ∞         Reflect  .   (no helmet)
rElec    .         Harm     .   e - +0 cloak
rCorr    .         Rampage  .   i - +0 pair of gloves
Will     .....                  (boots unavailable)
Stlth    +.........             (no amulet)
HPRegen  0.17/turn              A - ring of protection from cold
MPRegen  0.00/turn              (no ring)

@: flying
A: sickness immunity, fire resistance 2, cold vulnerability 1, float, innate
caster, hp casting, extra vitality 1
a: Renounce Religion


You were on level 4 of the Dungeon.
You worshipped Xom.
You were a beloved toy of Xom.
You visited 1 branch of the dungeon, and saw 4 of its levels.

You collected 1425 gold pieces.

Inventory:

Hand Weapons
 a - a +0 spear of chaos (weapon)
Missiles
 l - 61 stones (quivered)
 w - 16 poisoned darts
Armour
 d - a +2 leather armour (worn)
 e - a +0 cloak (worn)
 i - a +0 pair of gloves (worn)
 r - a +0 pair of gloves
 s - a +0 cloak
Magical Staves
 u - a staff of conjuration
 v - a staff of fire
Jewellery
 A - a ring of protection from cold (left hand)
Wands
 y - a wand of charming (2)
Scrolls
 b - 2 scrolls of identify {unknown}
 c - a scroll of magic mapping {unknown}
 k - a scroll of fog {unknown}
 m - a scroll of vulnerability {unknown}
 n - a scroll of blinking {unknown}
 p - 2 scrolls of enchant armour {unknown}
 q - a scroll of fear {unknown}
 t - a scroll of brand weapon {unknown}
Potions
 f - 4 potions of curing
 g - a potion of heal wounds {unknown}
 h - 2 potions of attraction {unknown}
 j - a potion of ambrosia {unknown}
 o - a potion of magic {unknown}
 x - a potion of brilliance {unknown}
 z - a potion of haste {unknown}


   Skills:
 + Level 3.9 Fighting
 * Level 5.6 Polearms
 * Level 3.6 Armour
 - Level 2.1 Dodging


You couldn't memorise any spells.
You knew the following spells:

 Your Spells              Type           Power      Damage    Failure   Level
a - Animate Skeleton      Necr           0%         N/A       32%         1
b - Call Canine Familiar  Summ           0%         N/A       67%         3
s - Slow                  Hex            0%         N/A       43%         2
Your spell library was empty.

Dungeon Overview and Level Annotations

Branches:
Dungeon (4/15)
 Temple: D:4-7

Altars:
Vehumet

Annotations:
D:2 Natasha


Innate Abilities, Weirdness & Mutations

You are immune to sickness and miasma.
You are immune to poison.
Your flesh is very heat resistant. (rF++)
You are vulnerable to cold. (rC-)
You float through the air rather than walking.
You learn spells naturally, not from books.
Your magical power is your life essence.
You have superior vitality. (+4 HP)


Message History

You hit something.
A glowing shapeshifter appears out of thin air!
Reactivating autopickup.
You hit the glowing shapeshifter.
The glowing shapeshifter is lightly wounded.
The glowing shapeshifter changes into a swamp dragon!
You hit the swamp dragon but do no damage.
The swamp dragon changes into a jumping spider!
You completely miss the jumping spider. The jumping spider closely misses you.
The jumping spider completely misses you.
You barely miss the jumping spider.
Xom plays with reality for a moment.
You are now a beloved toy of Xom.
The jumping spider changes into a polar bear!
You hit the polar bear but do no damage.
Your quokka bites the polar bear.
You barely miss the polar bear.
The polar bear is lightly wounded.
The polar bear barely misses you. The polar bear completely misses you.
The polar bear claws you but does no damage.
Your quokka barely misses the polar bear.
You hit the polar bear.
The polar bear goes berserk!
The polar bear is lightly wounded.
The polar bear bites you!
* * * LOW HITPOINT WARNING * * *
The polar bear closely misses you. x2
Your quokka bites the polar bear but does no damage.
You strike the helpless polar bear from behind!
You hit the polar bear but do no damage.
The polar bear is lightly wounded.
The polar bear closely misses you. The polar bear claws you.
* * * LOW HITPOINT WARNING * * *
The polar bear claws you.
* * * LOW HITPOINT WARNING * * *
The polar bear bites you!
You die... "That's my teddy bear, go get your own!"
Xom revives you! The polar bear claws you.
You die...
Xom is highly amused!

...## #.# # . ###.## #.#
.#w #
#..#######.####+##'##+##
###.....)......#.......$.#
.....#######.###.8..8..8.#
####.# #.# #.........# #.#
# #.#######'#####
####.#####.#.##.###..#
..........#.....@hr.##
####.#####.#....#####
.....# #.##^#.# ###### #
#.#.# # #.#.# #.#.# #.#.#
#.#.#


You could see a polar bear shaped shifter (berserk, ally target) and a friendly
quokka (summoned).

Vanquished Creatures
  Sigmund (D:2)
  2 scorpions (D:4)
  A water moccasin skeleton (D:2)
  A jelly (D:2)
  Jessica (D:2)
  Natasha (D:2)
  7 adders
  An adder skeleton (D:4)
  2 dart slugs
  An orc (D:3)
  8 ball pythons
  2 endoplasms (D:2)
  A giant cockroach (D:1)
  7 goblins
  2 hobgoblins (D:1)
  10 jackals
  9 quokkas
  7 bats
  6 frilled lizards
  7 kobolds
  8 rats
85 creatures vanquished.

Notes
Turn   | Place    | Note
-------+----------+-------------------------------------------
     0 | D:1      | Banquo the Djinni Chaos Knight began the quest for the Orb.
     0 | D:1      | Reached XP level 1. HP: 20/20 MP: 0/0
    17 | D:1      | XOM: potion effect (brilliance)
   279 | D:1      | Reached XP level 2. HP: 25/25 MP: 0/0
   613 | D:1      | Reached XP level 3. HP: 29/30 MP: 0/0
   613 | D:1      | Learned a level 1 spell: Animate Skeleton
   663 | D:1      | Reached skill level 3 in Polearms
   791 | D:1      | XOM: blink monster(s)
   794 | D:1      | XOM: potion effect (might)
  1122 | D:2      | XOM: silly message
  1160 | D:2      | XOM: 9-stop teleportation journey
  1331 | D:2      | XOM: confuse monster(s)
  1543 | D:2      | Reached XP level 4. HP: 32/35 MP: 0/0
  1900 | D:2      | Reached XP level 5. HP: 36/40 MP: 0/0
  1900 | D:2      | Learned a level 2 spell: Slow
  1979 | D:2      | Noticed Sigmund
  2095 | D:2      | Reached skill level 4 in Polearms
  2337 | D:2      | Killed Sigmund
  2338 | D:2      | Reached XP level 6. HP: 38/47 MP: 0/0
  2448 | D:2      | Noticed Jessica
  2449 | D:2      | XOM: noise
  2458 | D:2      | Killed Jessica
  2794 | D:3      | Noticed Natasha
  2820 | D:2      | Killed Natasha
  2821 | D:2      | Reached skill level 5 in Polearms
  2821 | D:2      | Reached XP level 7. HP: 50/51 MP: 0/0
  2821 | D:2      | Learned a level 3 spell: Call Canine Familiar
  2844 | D:3      | XOM: 2-stop teleportation journey
  2924 | D:3      | XOM: god gift: 1220 gold pieces
  3050 | D:3      | XOM: god gift: 16 stones
  3238 | D:2      | Noticed Natasha
  3239 | D:2      | XOM: summons 4 hostile demons
  3469 | D:3      | XOM: god gift: shortbow {god gift}
  3474 | D:3      | XOM: god gift: staff of fire
  3934 | D:4      | Noticed a glowing shapeshifter
  3934 | D:4      | Noticed a snapping turtle
  3934 | D:4      | a glowing shapeshifter changed into a snapping turtle
  3935 | D:4      | Noticed a lindwurm
  3935 | D:4      | a snapping turtle changed into a lindwurm
  3940 | D:4      | XOM: fake destruction
  3940 | D:4      | Noticed a manticore
  3940 | D:4      | a lindwurm changed into a manticore
  3941 | D:4      | Noticed a yaktaur
  3941 | D:4      | a manticore changed into a yaktaur
  3943 | D:4      | Noticed a glowing shapeshifter
  3944 | D:4      | Noticed a swamp dragon
  3944 | D:4      | a glowing shapeshifter changed into a swamp dragon
  3945 | D:4      | Noticed a jumping spider
  3945 | D:4      | a swamp dragon changed into a jumping spider
  3947 | D:4      | XOM: cast spell 'Summon Small Mammal'
  3947 | D:4      | Noticed a polar bear
  3947 | D:4      | a jumping spider changed into a polar bear
  3951 | D:4      | HP: 2/51 [polar bear (glowing shapeshifter) (1)]
  3951 | D:4      | Xom revived you
  3951 | D:4      | Slain by a polar bear (glowing shapeshifter)

Illustrated notes

Levels and vault maps discovered:
D:1:      psy_arrival_whirlpool, layout_basic, minmay_heptomino_l4
D:2:      minmay_alternating_diamond, layout_basic, uniq_sigmund, uniq_jessica
D:3:      layout_basic, uniq_natasha
D:4:      minmay_chambers_of_threes, layout_loops_ring, lemuel_tele_altar

Skill      XL: |  1  2  3  4  5  6 |
---------------+-------------------+-----
Polearms       | 3 4 5 |  5.6
Armour         | 2 3 |  3.6
Fighting       | |  3.9
Dodging        | |  2.1

Action                   |  1- 3 |  4- 6 |  7- 9 || total
-------------------------+-------+-------+-------++-------
Melee: Spear             |   152 |   119 |   128 ||   399
 Stab: Sleeping          |     1 |       |     1 ||     2
       Confused          |     1 |       |       ||     1
       Distracted        |       |       |     1 ||     1
Armor: Leather armour    |    47 |    31 |    30 ||   108
Dodge: Dodged            |    62 |    57 |    66 ||   185
